 Dungeon Crawl Stone Soup version 0.29-a0-330-g52719c12eb (webtiles) character file.

Game seed: 7550014755777098919

273 HoaS the Quickloader (level 6, -5/35 HPs)
             Began as a Kobold Hunter on May 22, 2022.
             Killed by nerve-wracking pain
             ... invoked by an orc priest
              (8 damage)
             ... on level 4 of the Dungeon.
             The game lasted 00:05:54 (3394 turns).

HoaS the Quickloader (Kobold Hunter)                Turns: 3394, Time: 00:05:55

Health: -5/35      AC:  5    Str:  8    XL:     6   Next: 48%
Magic:  6/6        EV: 14    Int: 10    God:
Gold:   176        SH:  0    Dex: 21    Spells: 5/5 levels left

rFire   . . .      SeeInvis .   a - +1 hand crossbow
rCold   . . .      Faith    .   (no shield)
rNeg    . . .      Spirit   .   m - +0 leather armour {Will+}
rPois   .          Reflect  .   d - +0 helmet
rElec   .          Harm     .   (no cloak)
rCorr   .          Rampage  .   l - +0 pair of gloves
Will    +....                   (no boots)
Stlth   +++.......              (no amulet)
HPRegen 0.11/turn               (no ring)
MPRegen 0.10/turn               (no ring)

@: no status effects
A: small, no large weapons, nightstalker 3
a: no special abilities


You were on level 4 of the Dungeon.
You visited 1 branch of the dungeon, and saw 4 of its levels.

You collected 176 gold pieces.

Inventory:

Hand Weapons
 a - a +1 hand crossbow (weapon)
Armour
 d - a +0 helmet (worn)
 l - a +0 pair of gloves (worn)
 m - a +0 leather armour of willpower (worn)
Scrolls
 c - a scroll of immolation
Potions
 b - a potion of curing {unknown}
 e - 3 potions of haste
 f - a potion of flight
 g - 2 potions of invisibility
 h - 2 potions of heal wounds
 i - a potion of resistance {unknown}
 j - a potion of brilliance {unknown}
 k - a potion of lignification {unknown}


   Skills:
 - Level 2.1 Fighting
 + Level 9.6 Crossbows
 - Level 2.4 Dodging
 - Level 1.3 Stealth


You had 5 spell levels left.
You didn't know any spells.
Your spell library contained the following spells:

 Spells                   Type           Power      Damage    Failure   Level
 Sandblast                Erth           0%         2d4       50%         1
 Passwall                 Tmut/Erth      0%         N/A       63%         2
 Stone Arrow              Conj/Erth      0%         3d7       86%         3


Dungeon Overview and Level Annotations

Branches:
Dungeon (4/15)
 Temple: D:4-7

Altars:
Yredelemnul

Shops:
D:1 (

Annotations:
D:4 exclusion: water moccasin


Innate Abilities, Weirdness & Mutations

You are small and have problems with some larger weapons.
You are completely attuned to the shadows.


Message History

An orc comes into view. It is wielding a +0 flail.
Things that are here:
a +0 dagger; a kobold corpse An orc priest comes into view.
It is wielding a +0 dagger.
An orc comes into view. It is wielding a +0 falchion.
An orc comes into view. It is wielding a +0 trident.
You shoot a bolt.
The orc shouts! x2; The orc priest shouts!
The bolt hits the orc.
The orc is heavily wounded.
You hear a shout!
The orc barely misses you. The orc misses you.
You shoot a bolt. The bolt barely misses the orc.
The bolt barely misses the orc priest.
The orc hits you from afar with a +0 trident.
An orc wizard comes into view. It is wielding a +0 dagger.
The orc closely misses you.
Shoot: a) +1 hand crossbow
Press: ? - help, Q - select action Shift-Dir - straight line, f - orc priest, p - orc
Aim: an orc priest, wielding a +0 dagger (69% to hit)
You shoot a bolt. The bolt hits the orc priest.
The orc priest is lightly wounded.
The orc hits you from afar with a +0 trident!
The orc priest misses you. The orc hits you with a +0 flail.
* * * LOW HITPOINT WARNING * * *
Shoot: a) +1 hand crossbow
Press: ? - help, Q - select action Shift-Dir - straight line, f/p - orc priest
Aim: an orc priest, wielding a +0 dagger (lightly wounded, 69% to hit)
You shoot a bolt. The bolt closely misses the orc priest.
The orc hits you with a +0 flail.
* * * LOW HITPOINT WARNING * * *
Shoot: a) +1 hand crossbow
Press: ? - help, Q - select action Shift-Dir - straight line, f/p - orc priest
Aim: an orc priest, wielding a +0 dagger (lightly wounded, 69% to hit)
You shoot a bolt. The bolt hits the orc priest!
The orc priest is almost dead.
An orc comes into view. It is wielding a +0 dagger.
The orc priest calls down the wrath of Beogh upon you.
Pain shoots through your body!
You die...

#.####.....
########
#.##.......
#..........
####.......
###...#
#...# #.)##
#).# #@o#
#o.# #.o#
...o #..o.


You could see an orc priest, an orc wizard and 3 orcs.

Vanquished Creatures
  An orc priest (D:3)
  Jessica (D:2)
  An iguana (D:4)
  An orc wizard (D:3)
  Natasha (D:2)
  Robin (D:2)
  2 adders
  A worm (D:2)
  A dart slug (D:1)
  4 orcs
  9 bats
  8 endoplasms
  A giant cockroach (D:1)
  21 goblins
  12 hobgoblins
  9 jackals
  2 quokkas
  7 ball pythons
  2 frilled lizards (D:2)
  6 kobolds
  4 rats
95 creatures vanquished.

Notes
Turn   | Place    | Note
-------+----------+-------------------------------------------
     0 | D:1      | HoaS the Kobold Hunter began the quest for the Orb.
     0 | D:1      | Reached XP level 1. HP: 12/12 MP: 1/1
   208 | D:1      | Found Pamees's Antique Weapon Emporium.
   221 | D:1      | Reached XP level 2. HP: 17/17 MP: 2/2
   227 | D:1      | Reached skill level 6 in Crossbows
   497 | D:1      | Reached XP level 3. HP: 21/21 MP: 3/3
   586 | D:1      | Found a faded altar of an unknown god.
  1179 | D:2      | Noticed Jessica
  1188 | D:2      | Killed Jessica
  1189 | D:2      | Reached skill level 7 in Crossbows
  1189 | D:2      | Reached XP level 4. HP: 19/26 MP: 4/4
  1393 | D:2      | Noticed Robin
  1401 | D:2      | Killed Robin
  1402 | D:2      | Reached XP level 5. HP: 18/30 MP: 5/5
  1414 | D:2      | Reached skill level 8 in Crossbows
  1772 | D:2      | Found a basalt altar of Yredelemnul.
  2316 | D:2      | Noticed Natasha
  2319 | D:2      | Killed Natasha
  2481 | D:3      | Reached skill level 9 in Crossbows
  2481 | D:3      | Reached XP level 6. HP: 26/35 MP: 6/6
  3319 | D:4      | Noticed a water moccasin
  3394 | D:4      | Killed from afar by an orc priest

Illustrated notes

Levels and vault maps discovered:
D:1:      dpeg_arrival_circle_labyrinth_b, layout_basic,
          nicolae_ecumenical_snake_handling, serial_shops, nicolae_diamond_shop
D:2:      cheibrodos_greedy_goblins, layout_basic, basic_altar, uniq_jessica,
          uniq_robin, uniq_natasha
D:3:      layout_basic
D:4:      wad_river_or_something, layout_loops_ring, gup_sewer_entry_spiral

Skill      XL: |  1  2  3  4  5 |
---------------+----------------+-----
Crossbows      | 6 7 9 |  9.6
Fighting       | |  2.1
Dodging        | |  2.4
Stealth        | |  1.3

Action                   |  1- 3 |  4- 6 || total
-------------------------+-------+-------++-------
 Fire: Hand crossbow     |    70 |   152 ||   222
  Use: Scroll            |     5 |     4 ||     9
Armor: Leather armour    |     4 |    23 ||    27
Dodge: Dodged            |    11 |    65 ||    76

Table legend: (Time is in decaauts)
 A = Elapsed time spent in this place.
 B = Non-inter-level travel time spent in this place.
 C = Inter-level travel time spent in this place.
 D = Time resting spent in this place.
 E = Time spent auto-exploring this place.
 F = Levels seen in this place.
 G = Mean time per level.
                   A        B        C        D        E       F      G
               +--------+--------+--------+--------+--------+-----+--------+
         Total |   3430 |   3281 |    149 |    630 |   2155 |   4 |  857.5 |
       Dungeon |   3430 |   3281 |    149 |    630 |   2155 |   4 |  857.5 |
               +--------+--------+--------+--------+--------+-----+--------+

Top non-repeatable levels by time:
     D:2: 1467 daAuts
     D:1: 965 daAuts
     D:3: 825 daAuts
     D:4: 172 daAuts
